 Dungeon Crawl Stone Soup version 0.27-a0-1196-g3e9cee4cb2 (webtiles) character file.

Game seed: 9915072011658157498

55 Shayle the Sneak (level 3, 0/27 HPs)
             Began as a Demonspawn Enchanter on May 29, 2021.
             Succumbed to an adder's poison
             ... on level 2 of the Dungeon.
             The game lasted 00:02:48 (1294 turns).

Shayle the Sneak (Demonspawn Enchanter)             Turns: 1294, Time: 00:02:48

Health: 0/27       AC:  3    Str:  9    XL:     3   Next: 67%
Magic:  6/6        EV: 12    Int: 16    God:
Gold:   120        SH:  0    Dex: 13    Spells: 3/6 levels left

rFire    . . .     SeeInvis .   c - +2 mace (drain)
rCold    . . .     Faith    .   (no shield)
rNeg     . . .     Spirit   .   b - +0 robe
rPois    .         Reflect  .   (no helmet)
rElec    .         Harm     .   (no cloak)
rCorr    .         Rampage  .   i - +0 pair of gloves
Will     .....                  (no boots)
Stlth    ++........             (no amulet)
HPRegen  0.09/turn              (no ring)
MPRegen  0.10/turn              (no ring)

@: lethally poisoned (0 -> -2)
A: talons 1, powered by death 1
a: no special abilities


You were on level 2 of the Dungeon.
You visited 1 branch of the dungeon, and saw 2 of its levels.

You collected 120 gold pieces.

Inventory:

Hand Weapons
 a - a +1 dagger
 c - a +2 mace of draining (weapon)
Missiles
 f - 11 poisoned darts (quivered)
Armour
 b - a +0 robe (worn)
 e - a +1 ring mail of cold resistance
 i - a +0 pair of gloves (worn)
Jewellery
 d - an amulet of faith
Potions
 g - a potion of mutation
 h - a potion of cancellation


   Skills:
 + Level 1.8 Fighting
 - Level 0.8 Short Blades
 + Level 2.5 Dodging
 + Level 3.3 Stealth
 - Level 2.0 Spellcasting
 - Level 3.0 Hexes


You had 3 spell levels left.
You knew the following spells:

 Your Spells              Type           Power      Damage    Failure   Level
a - Corona                Hex            12%        N/A       6%          1
b - Ensorcelled Hibernat  Hex/Ice        12%        N/A       17%         2

Your spell library contained the following spells:

 Spells                   Type           Power      Damage    Failure   Level
 Confusing Touch          Hex            11%        N/A       19%         3
 Tukima's Dance           Hex            11%        N/A       19%         3
 Magic Dart               Conj           4%         1d3       21%         1
 Searing Ray              Conj           2%         3d3       30%         2
 Dazzling Flash           Conj/Hex       12%        N/A       32%         3
 Fulminant Prism          Conj/Hex       3%         3d6       73%         4
 Iskenderun's Mystic Bla  Conj/Tloc      1%         2d3       90%         4


Dungeon Overview and Level Annotations

Branches:
Dungeon (2/15)

Altars:


Innate Abilities, Weirdness & Mutations

You have sharp toenails.
You regenerate a little health from kills.


Message History

Things that are here:
a +0 rapier; 2 stones; a kobold corpse An adder comes into view.
The helpless adder fails to defend itself.
You hit the adder.
The adder is lightly wounded.
The adder bites you but does no damage. The adder bites you.
You miss the adder. Your kick misses the adder. The adder bites you.
You are poisoned.
The adder poisons you! The adder bites you.
You are more poisoned.
The adder poisons you!
You hit the adder. You claw the adder.
The adder is severely wounded.
You feel very sick. The adder barely misses you. The adder closely misses you.
You closely miss the adder.
The adder is severely wounded.
You feel sick. The adder bites you.
You are lethally poisoned!
The adder poisons you!
You hit the adder.
You kill the adder!
* * * LOW HITPOINT WARNING * * *
You feel very sick.
* * * LOW HITPOINT WARNING * * *
You feel sick.
Okay, then.
* * * LOW HITPOINT WARNING * * *
You feel sick.
Found a club.
* * * LOW HITPOINT WARNING * * *
You feel sick.
* * * LOW HITPOINT WARNING * * *
You feel sick.
* * * LOW HITPOINT WARNING * * *
You feel sick.
* * * LOW HITPOINT WARNING * * *
You feel sick.
You die...

#.#####.######.##
.###### #.###.....
#.#......# #.#.#.#..#
#.....#..# ###.###..#
#......## #####...#
#@#)# #...# ### #.###
##.## #.# ##.#.## ####
#.# ##.###.##### ..#
###.#####.## ##..... #
#.#
#..........###......
#.##.##
#.......##..#.#####.
#.#)..###..###..##.#.##
#.


There were no monsters in sight!

Vanquished Creatures
  3 adders (D:2)
  3 ball pythons
  4 bats
  2 endoplasms
  A giant cockroach (D:1)
  A hobgoblin (D:1)
  2 jackals (D:1)
  4 kobolds
  A quokka (D:1)
  2 goblins
  4 rats (D:1)
27 creatures vanquished.

Vanquished Creatures (others)
  A fungus (D:2)
1 creature vanquished.

Grand Total: 28 creatures vanquished

Notes
Turn   | Place    | Note
-------+----------+-------------------------------------------
     0 | D:1      | Shayle the Demonspawn Enchanter began the quest for the
                  | Orb.
     0 | D:1      | Reached XP level 1. HP: 13/13 MP: 3/3
   135 | D:1      | Gained mutation: You have sharp toenails. [demonic
                  | ancestry]
   135 | D:1      | Reached XP level 2. HP: 19/20 MP: 5/5
   194 | D:1      | Found a faded altar of an unknown god.
   242 | D:1      | Reached skill level 1 in Fighting
   891 | D:2      | Learned a level 2 spell: Ensorcelled Hibernation
  1057 | D:2      | Gained mutation: You regenerate a little health from kills.
                  | [demonic ancestry]
  1057 | D:2      | Reached XP level 3. HP: 19/26 MP: 6/6
  1293 | D:2      | HP: 1/27 [poisoned by an adder]
  1294 | D:2      | Succumbed to an adder's poison

Illustrated notes

Levels and vault maps discovered:
D:1:      elethiomel_arrival_infinity_welcomes_careful_drivers, layout_rooms,
          shapermc_ecumenical_altar_starsandcircs
D:2:      layout_loops_ring, basic_altar, uniq_crazy_yiuf_cottage

Skill      XL: |  1  2 |
---------------+-------+-----
Dodging        | 2 |  2.5
Fighting       | 1 |  1.8
Stealth        | 3 |  3.3
Short Blades   | |  0.8
Spellcasting   | |  2.0
Hexes          | |  3.0

Action                   || total
-------------------------++-------
Melee: Mace              ||    49
       Kick              ||     4
 Cast: Ensorcelled Hiber ||     3
  Use: Scroll            ||     4
 Stab: Sleeping          ||     9
Armor: Robe              ||    10
Dodge: Dodged            ||    26

Table legend: (Time is in decaauts)
 A = Elapsed time spent in this place.
 B = Non-inter-level travel time spent in this place.
 C = Inter-level travel time spent in this place.
 D = Time resting spent in this place.
 E = Time spent auto-exploring this place.
 F = Levels seen in this place.
 G = Mean time per level.
                   A        B        C        D        E       F      G
               +--------+--------+--------+--------+--------+-----+--------+
         Total |   1312 |   1257 |     55 |    169 |    801 |   2 |  656.0 |
       Dungeon |   1312 |   1257 |     55 |    169 |    801 |   2 |  656.0 |
               +--------+--------+--------+--------+--------+-----+--------+

Top non-repeatable levels by time:
     D:1: 866 daAuts
     D:2: 445 daAuts
